[Event "Titled Tuesday Blitz May 10 Early 2022"]
[White "FGHSMN"]
[Black "Oparin, Grigoriy"]
[BlackFideId "24125890"]
[WhiteElo "2762"]
[BlackElo "2665"]
[Result "0-1"]
[Round "05"]
[TimeControl "180+1"]
[Date "2022.05.10"]
[WhiteClock "0:00:03"]
[BlackClock "0:00:11"]

1. c4 e5 2. Nc3 Nf6 3. Nf3 Nc6 4. e3 Bb4 5. Qc2 Bxc3 6. Qxc3 Qe7 7. d3 d5 8. cxd5 Nxd5 9. Qb3 Ndb4 10. a3 Be6 11. Qa4 Nd5 12. Nxe5 O-O 13. Nxc6 bxc6 14. Qxc6 Rab8 15. Be2 Nf6 16. e4 Bg4 17. f3 Bd7 18. Qc2 c5 19. Be3 Rfc8 20. O-O Nd5 21. Bd2 Nc7 22. Rac1 Ne6 23. Be3 Qd6 24. Qc3 h6 25. f4 Ba4 26. f5 Nd4 27. Bxd4 cxd4 28. Qa5 Bc2 29. b4 Rc3 30. e5 Qd7 31. f6 Rb5 32. e6 Rxa5 33. exd7 Rd5 34. Bd1 Bxd3 35. Rxc3 dxc3 36. Re1 Rxd7 37. Ba4 Rd8 38. Rc1 Rc8 39. Kf2 gxf6 40. Ke3 Bf5 41. Kd4 c2 42. g4 Bg6 43. h4 f5 44. Rxc2 Rd8+ 45. Ke3 fxg4 46. Rc7 Rd3+ 47. Kf4 Rxa3 48. Rxa7 g3 49. Ra8+ Kg7 50. Bc6 Rc3 51. Bf3 Rc4+ 52. Kxg3 Rxb4 53. Ra5 Rb6 54. h5 Bh7 55. Re5 Rf6 56. Re3 Re6 57. Rxe6 fxe6 58. Kf4 Kf6 59. Kg3 e5 60. Bc6 Bf5 61. Kh4 Be6 62. Be4 Bd7 63. Bd5 Kf5 64. Bg8 Kf4 65. Bh7 Bg4 66. Be4 Be2 67. Bd5 Bf3 68. Be6 e4 69. Bf5 e3 70. Bd3 e2 71. Bxe2 Bxe2 72. Kh3 Bxh5 73. Kh2 Bd1 0-1


[Site "https://www.chess.com"]

[Event "Titled Tuesday Blitz May 10 Early 2022"]
[White "Fathy, Elameir"]
[Black "Bommini, Mounika Akshaya"]
[WhiteFideId "10600396"]
[BlackFideId "25019872"]
[WhiteElo "2311"]
[BlackElo "1671"]
[Result "0-1"]
[Round "05"]
[TimeControl "180+1"]
[Date "2022.05.11"]
[WhiteClock "0:00:12"]
[BlackClock "0:00:26"]

1. d4 Nf6 2. c4 c6 3. Nf3 d5 4. g3 Bg4 5. Ne5 Bf5 6. Bg2 e6 7. Nc3 Bd6 8. O-O O-O 9. Bf4 h6 10. Re1 Qc7 11. c5 Bxe5 12. Bxe5 Qd8 13. b4 Nbd7 14. Bd6 Re8 15. b5 e5 16. e3 e4 17. Bf1 Nf8 18. bxc6 bxc6 19. Qa4 Qd7 20. Rab1 Ng6 21. Ba6 Bh3 22. Bf1 Bxf1 23. Rxf1 Qh3 24. f3 exf3 25. Rxf3 Ng4 26. Qc2 Nxe3 27. Qf2 Ng4 28. Qg2 Qh5 29. Rb7 Re1+ 30. Rf1 Rxf1+ 31. Kxf1 Ne3+ 0-1


[Site "https://www.chess.com"]

[Event "Titled Tuesday Blitz May 10 Early 2022"]
[White "Fedoseev, Vladimir"]
[Black "Rastbod, Ali"]
[WhiteFideId "24130737"]
[BlackFideId "12567477"]
[WhiteElo "2726"]
[BlackElo "2147"]
[Result "1-0"]
[Round "05"]
[TimeControl "180+1"]
[Date "2022.05.11"]
[WhiteClock "0:01:30"]
[BlackClock "0:01:31"]

1. g3 d5 2. Bg2 e5 3. c4 d4 4. b4 Nf6 5. Bb2 e4 6. b5 c5 7. d3 Bf5 8. Nd2 Qa5 9. Kf1 Bd6 10. dxe4 Be6 11. e5 Bxe5 12. Bxb7 O-O 13. Bxa8 Nbd7 14. Bc6 Nb6 15. Ngf3 Bd6 16. Rc1 Qxa2 17. Qc2 Nxc4 18. Nxc4 Bxc4 19. Qxc4 Qxb2 20. Kg2 1-0


[Site "https://www.chess.com"]

[Event "Titled Tuesday Blitz May 10 Early 2022"]
[White "Ferreira, Vitor Hugo Vieira"]
[Black "Vifleemskaia, Svetlana"]
[WhiteFideId "2119765"]
[BlackFideId "4129490"]
[WhiteElo "2165"]
[BlackElo "1929"]
[Result "1-0"]
[Round "05"]
[TimeControl "180+1"]
[Date "2022.05.11"]
[WhiteClock "0:01:52"]
[BlackClock "0:00:04"]

1. d4 Nf6 2. c4 e6 3. Nf3 Bb4+ 4. Nbd2 Nc6 5. g3 O-O 6. Bg2 Bxd2+ 7. Bxd2 Ne4 8. Bf4 d6 9. O-O f5 10. d5 e5 11. dxc6 exf4 12. Qd5+ Kh8 13. cxb7 Bxb7 14. Qxb7 fxg3 15. hxg3 Rb8 16. Qxa7 Rxb2 17. Qd4 Rxe2 18. a4 c5 19. Qd3 Rb2 20. Nh4 Qa5 21. Bxe4 fxe4 22. Qxd6 Ra8 23. Kg2 Re2 24. Ng6+ hxg6 25. Rh1+ Kg8 26. Qe6+ 1-0


[Site "https://www.chess.com"]

[Event "Titled Tuesday Blitz May 10 Early 2022"]
[White "Fier, Alexandr"]
[Black "Alekseenko, Kirill"]
[WhiteFideId "2107139"]
[BlackFideId "4135539"]
[WhiteElo "2571"]
[BlackElo "2682"]
[Result "1-0"]
[Round "05"]
[TimeControl "180+1"]
[Date "2022.05.10"]
[WhiteClock "0:01:58"]
[BlackClock "0:00:41"]

1. d4 d5 2. c4 dxc4 3. e4 Nf6 4. e5 Nd5 5. Bxc4 Nb6 6. Bb3 Nc6 7. Ne2 Bf5 8. Nbc3 e6 9. Be3 Qd7 10. O-O O-O-O 11. Qc1 Nb4 12. Rd1 Kb8 13. a4 N6d5 14. Nxd5 Nxd5 15. a5 a6 16. Nc3 Nxe3 17. Qxe3 c6 18. Na4 Bb4 19. Nc5 Qe7 20. h3 g5 21. Ra4 Bxc5 22. dxc5 Rxd1+ 23. Bxd1 Rd8 24. Rd4 Rd7 25. Rd6 Qd8 26. b4 Rxd6 27. cxd6 f6 28. Bb3 Qh8 29. g4 Bg6 30. Bxe6 fxe5 31. d7 Qd8 32. Qb6 1-0


[Site "https://www.chess.com"]

[Event "Titled Tuesday Blitz May 10 Early 2022"]
[White "Garcia de Dios, Jose Antonio"]
[Black "Friedel, Tom"]
[WhiteFideId "5128919"]
[BlackFideId "2002108"]
[WhiteElo "2080"]
[BlackElo "2320"]
[Result "0-1"]
[Round "05"]
[TimeControl "180+1"]
[Date "2022.05.11"]
[WhiteClock "0:00:02"]
[BlackClock "0:00:59"]

1. d4 d5 2. c4 e6 3. Nc3 Nf6 4. Nf3 Be7 5. g3 Nbd7 6. Bg2 dxc4 7. a4 a5 8. O-O O-O 9. e4 Nb6 10. Qe2 Bd7 11. Rd1 Qe8 12. Ne5 Bc6 13. Nxc4 Nxc4 14. Qxc4 Qd8 15. Bf4 Rc8 16. d5 exd5 17. exd5 Bd7 18. Rac1 Bd6 19. Nb5 Bxf4 20. Qxf4 Bxb5 21. axb5 Qd6 22. Qd2 a4 23. Qc3 Rfe8 0-1


[Site "https://www.chess.com"]

[Event "Titled Tuesday Blitz May 10 Early 2022"]
[White "Girinath, P.D.S."]
[Black "Gallego Alcaraz, Andres Felipe"]
[WhiteFideId "5000572"]
[BlackFideId "4402669"]
[WhiteElo "2369"]
[BlackElo "2340"]
[Result "0-1"]
[Round "05"]
[TimeControl "180+1"]
[Date "2022.05.11"]
[WhiteClock "0:00:02"]
[BlackClock "0:00:27"]

1. e4 c5 2. Nf3 Nc6 3. Bb5 g6 4. O-O Bg7 5. c3 Nf6 6. Re1 O-O 7. h3 a6 8. Bxc6 bxc6 9. d4 cxd4 10. cxd4 d6 11. Nc3 Nd7 12. Be3 a5 13. Qd2 Rb8 14. b3 c5 15. Bh6 cxd4 16. Bxg7 Kxg7 17. Qxd4+ f6 18. Rad1 Qb6 19. Na4 Qxd4 20. Nxd4 Kf7 21. Nc6 Ra8 22. f3 Bb7 23. Nd4 Rfc8 24. Rc1 Ne5 25. Nb6 Rxc1 26. Rxc1 Ra6 27. Nd5 Nc6 28. Nxc6 Bxc6 29. Kf2 f5 30. Ke3 e6 31. Nf4 g5 32. Ne2 f4+ 33. Kd2 e5 34. Nc3 Ke6 35. Kd3 h5 36. Kc4 Ra8 37. Nd5 Rc8 38. Kd3 Bb5+ 39. Kd2 Rxc1 40. Kxc1 Bf1 41. Kd2 Bxg2 42. Ke2 Bxh3 43. b4 axb4 44. Nxb4 g4 45. a4 Kd7 46. a5 Kc7 47. Nd5+ Kb7 48. Nf6 gxf3+ 49. Kxf3 Bg4+ 50. Kf2 Bc8 51. Ne8 Kc6 52. Ng7 h4 53. a6 Bxa6 54. Nf5 h3 55. Ne7+ Kd7 56. Nd5 Bb7 0-1


[Site "https://www.chess.com"]

[Event "Titled Tuesday Blitz May 10 Early 2022"]
[White "Golubev, Mikhail"]
[Black "Polanco Nunez, Yoel Estarling"]
[WhiteFideId "14100983"]
[BlackFideId "6401783"]
[WhiteElo "2374"]
[BlackElo "2132"]
[Result "1-0"]
[Round "05"]
[TimeControl "180+1"]
[Date "2022.05.11"]
[WhiteClock "0:00:13"]
[BlackClock "0:00:01"]

1. e4 c5 2. Nf3 d6 3. d4 cxd4 4. Nxd4 Nf6 5. Nc3 a6 6. Bc4 b5 7. Bb3 Bb7 8. O-O Nc6 9. f4 e6 10. Nxc6 Bxc6 11. f5 e5 12. Qd3 h6 13. a3 Qb6+ 14. Be3 Qb7 15. Bd5 Bxd5 16. exd5 Be7 17. Bf2 Rc8 18. Bh4 Rc4 19. Bxf6 Bxf6 20. Ne4 Qb6+ 21. Kh1 Ke7 22. c3 a5 23. Nd2 Rc7 24. a4 b4 25. c4 b3 26. Nxb3 Rb8 27. Nd2 e4 28. Qxe4+ Kf8 29. Rab1 Re7 30. Qd3 Re3 31. Qc2 Rbe8 32. c5 dxc5 33. Nc4 Qb4 34. Nxe3 Rxe3 35. Qd1 Be5 36. Qh5 Kg8 37. f6 Bxf6 38. Qf5 Re5 39. Qc8+ Kh7 40. d6 Rh5 41. Rbd1 1-0


[Site "https://www.chess.com"]

[Event "Titled Tuesday Blitz May 10 Early 2022"]
[White "Gurevich, Dmitry"]
[Black "De Silva, L M S T"]
[WhiteFideId "2000407"]
[BlackFideId "9953698"]
[WhiteElo "2506"]
[BlackElo "1631"]
[Result "1-0"]
[Round "05"]
[TimeControl "180+1"]
[Date "2022.05.11"]
[WhiteClock "0:01:14"]
[BlackClock "0:00:17"]

1. d4 Nf6 2. c4 e6 3. Nf3 b6 4. g3 Bb7 5. Bg2 g6 6. Nc3 Bg7 7. O-O Ne4 8. Qc2 Nxc3 9. bxc3 O-O 10. a4 Nc6 11. Ba3 d6 12. c5 bxc5 13. dxc5 d5 14. e3 Ba6 15. Rfd1 Na5 16. Nd4 Nc4 17. Bb4 Qc8 18. c6 Re8 19. e4 e5 20. Nb5 Bxb5 21. axb5 Qb8 22. exd5 Qxb5 23. Bf1 a5 24. Bxa5 Rxa5 25. Bxc4 Qc5 26. Rxa5 Qxa5 27. d6 cxd6 28. Rxd6 Qc5 29. Qd3 e4 30. Qd5 Qxd5 31. Bxd5 Bxc3 32. Rd7 Rf8 33. Rxf7 Ba5 34. c7 Rc8 35. Be6 Rxc7 36. Rxc7+ 1-0


[Site "https://www.chess.com"]

[Event "Titled Tuesday Blitz May 10 Early 2022"]
[White "Guz, Ari"]
[Black "Jaskolka, Tomasz"]
[WhiteFideId "2825759"]
[BlackFideId "1170791"]
[WhiteElo "1913"]
[BlackElo "2073"]
[Result "1-0"]
[Round "05"]
[TimeControl "180+1"]
[Date "2022.05.11"]
[WhiteClock "0:00:38"]
[BlackClock "0:00:19"]

1. b3 d5 2. Nf3 Bg4 3. Bb2 Bxf3 4. exf3 e6 5. d4 Nf6 6. Bd3 c6 7. O-O Bd6 8. Qe2 Nbd7 9. c4 O-O 10. Nd2 Re8 11. g3 g6 12. f4 Bf8 13. Nf3 Bg7 14. Ne5 a6 15. h4 Qc7 16. Rac1 Rac8 17. c5 Rcd8 18. Kg2 Nf8 19. Rh1 h5 20. a4 Qe7 21. b4 Ra8 22. f3 Qc7 23. Qd2 Qe7 24. Kf2 Qc7 25. Rhg1 Qe7 26. Kg2 Qc7 27. Kh3 Qe7 28. Qf2 Red8 29. g4 Re8 30. Rg2 Red8 31. Rcg1 Rdc8 32. f5 hxg4+ 33. fxg4 Ne4 34. Qe3 b6 35. fxg6 f5 36. Bxe4 dxe4 37. Rf1 Bxe5 38. dxe5 Nxg6 39. Qh6 Qg7 40. Qxg7+ Kxg7 41. gxf5 exf5 42. Rfg1 Kf7 43. Rxg6 Rh8 44. e6+ Ke7 45. Bxh8 Rxh8 46. cxb6 e3 47. Rd1 f4 48. Rd7+ Ke8 49. b7 1-0


[Site "https://www.chess.com"]

[Event "Titled Tuesday Blitz May 10 Early 2022"]
[White "Hakobyan, Aram"]
[Black "Maksimovic, Bojan"]
[WhiteFideId "13306677"]
[BlackFideId "14408120"]
[WhiteElo "2557"]
[BlackElo "2448"]
[Result "1/2-1/2"]
[Round "05"]
[TimeControl "180+1"]
[Date "2022.05.10"]
[WhiteClock "0:00:22"]
[BlackClock "0:00:06"]

1. d4 Nf6 2. c4 g6 3. Nc3 Bg7 4. e4 d6 5. Be2 O-O 6. Bg5 c6 7. Qd2 e5 8. d5 Na6 9. h4 Nc5 10. Bf3 cxd5 11. cxd5 Qa5 12. h5 Nb3 13. Qd1 Nxa1 14. h6 Bh8 15. Qxa1 b5 16. Ne2 b4 17. Nd1 b3+ 18. Ndc3 Ba6 19. O-O bxa2 20. b4 Qxb4 21. Qxa2 Bxe2 22. Nxe2 Nxe4 23. Rb1 Nc3 24. Rxb4 Nxa2 25. Ra4 e4 26. Bg4 Nc3 27. Nxc3 Bxc3 28. Be7 Rfe8 29. Bxd6 Rad8 30. Ra6 Be5 31. Bb4 Rxd5 32. Rxa7 Bf4 33. Be2 e3 34. f3 Bxh6 35. Bc4 e2 36. Kh2 Rh5+ 37. Kg3 e1=Q+ 38. Bxe1 Rxe1 39. Rxf7 Rc1 40. Rc7+ Rxc4 41. Rxc4 Rg5+ 42. Kf2 Rf5 43. g4 Rf8 44. Kg3 Bg7 45. f4 h6 46. Rc5 Kh7 47. Rd5 Rf7 48. f5 gxf5 49. gxf5 Bf6 50. Kf3 Rg7 51. Rd6 Be5 52. Re6 Bc7 53. Ke4 Bd8 54. f6 Rf7 55. Kf5 h5 56. Kg5 Bxf6+ 57. Kxh5 Be7 58. Kg4 Rg7+ 59. Kf5 Kg8 60. Rg6 Rxg6 61. Kxg6 1/2-1/2


[Site "https://www.chess.com"]

[Event "Titled Tuesday Blitz May 10 Early 2022"]
[White "Hambleton, Aman"]
[Black "Piesik, Piotr"]
[WhiteFideId "2606577"]
[BlackFideId "1136194"]
[WhiteElo "2552"]
[BlackElo "2190"]
[Result "0-1"]
[Round "05"]
[TimeControl "180+1"]
[Date "2022.05.10"]
[WhiteClock "0:00:01"]
[BlackClock "0:01:11"]

1. d4 c5 2. d5 e5 3. c4 d6 4. Nc3 Be7 5. g3 Bg5 6. e3 f5 7. f4 Bf6 8. Qc2 Nh6 9. Nh3 O-O 10. Be2 a6 11. Nf2 exf4 12. exf4 Bd4 13. Kf1 Nd7 14. Kg2 Nf6 15. a4 Nfg4 16. Nfd1 Qe7 17. h3 Nf6 18. Bd3 Bd7 19. Bd2 Rae8 20. Nf2 Bxf2 21. Kxf2 Ne4+ 22. Kg2 Qf6 23. Rae1 Qg6 24. Bxe4 fxe4 25. g4 Nxg4 26. hxg4 Qxg4+ 27. Kf1 Qf3+ 28. Kg1 Rf6 0-1


[Site "https://www.chess.com"]

[Event "Titled Tuesday Blitz May 10 Early 2022"]
[White "Hamley, Ryan"]
[Black "Sanchez, Robert"]
[WhiteFideId "30959497"]
[BlackFideId "2034360"]
[WhiteElo "2525"]
[BlackElo "2154"]
[Result "0-1"]
[Round "05"]
[TimeControl "180+1"]
[Date "2022.05.11"]
[WhiteClock "0:00:44"]
[BlackClock "0:01:24"]

1. e4 e6 2. d4 d5 3. Nd2 Nf6 4. e5 Nfd7 5. f4 c5 6. c3 Nc6 7. Ngf3 Be7 8. Bd3 a5 9. O-O a4 10. Kh1 cxd4 11. cxd4 Nb6 12. Qe2 Bd7 13. g4 Nb4 14. Bb5 g6 15. f5 Qc7 16. Nb1 Bxb5 17. Qxb5+ Qc6 18. Qxc6+ bxc6 19. Na3 Nd3 20. Bg5 Bxg5 21. Nxg5 h6 22. Nh3 Nxb2 23. Rab1 N6c4 24. Nxc4 Nxc4 25. Rb7 O-O 26. Nf4 exf5 27. gxf5 Ne3 28. Rc1 Nxf5 29. Rxc6 Nxd4 30. Rcc7 Rac8 31. Nxd5 Rxc7 32. Rxc7 Rb8 33. Nc3 Rb2 34. Ra7 Nf3 0-1


[Site "https://www.chess.com"]

[Event "Titled Tuesday Blitz May 10 Early 2022"]
[White "Heinemann, Josefine"]
[Black "Soucek, Petr"]
[WhiteFideId "12900460"]
[BlackFideId "23715170"]
[WhiteElo "2300"]
[BlackElo "1979"]
[Result "0-1"]
[Round "05"]
[TimeControl "180+1"]
[Date "2022.05.11"]
[WhiteClock "0:01:44"]
[BlackClock "0:02:35"]

1. d4 Nf6 2. c4 g6 3. Nc3 Bg7 4. e4 O-O 5. Nf3 d6 6. Be2 e5 7. Be3 exd4 8. Nxd4 Re8 9. f3 c6 10. O-O d5 11. cxd5 cxd5 12. Bb5 Bd7 13. Bxd7 Nbxd7 14. Bg5 dxe4 15. Nxe4 Qb6 16. Nxf6+ Nxf6 17. Kh1 Rad8 0-1


[Site "https://www.chess.com"]

[Event "Titled Tuesday Blitz May 10 Early 2022"]
[White "Hnydiuk, Aleksander"]
[Black "Jumabayev, Rinat"]
[WhiteFideId "1109057"]
[BlackFideId "13702661"]
[WhiteElo "2374"]
[BlackElo "2561"]
[Result "0-1"]
[Round "05"]
[TimeControl "180+1"]
[Date "2022.05.11"]
[WhiteClock "0:00:07"]
[BlackClock "0:00:14"]

1. Nf3 Nf6 2. c4 b6 3. g3 Bb7 4. Bg2 g6 5. O-O Bg7 6. d4 O-O 7. Qc2 e6 8. Nc3 d5 9. cxd5 exd5 10. Bf4 Na6 11. Rac1 Ne4 12. Rfd1 Nd6 13. Ne5 Nf5 14. e4 dxe4 15. Nxe4 Nxd4 16. Qc4 c5 17. Nf6+ Bxf6 18. Bxb7 b5 19. Qf1 Qe7 20. Bxa8 Rxa8 21. Re1 Bxe5 22. Qg2 Re8 23. Bxe5 Nb4 24. Re3 Nf5 25. Ree1 Nd3 26. Bc3 Nxe1 27. Rxe1 Qxe1+ 28. Bxe1 Rxe1+ 29. Qf1 Rxf1+ 30. Kxf1 Kf8 0-1


[Site "https://www.chess.com"]

[Event "Titled Tuesday Blitz May 10 Early 2022"]
[White "Horak, Martin"]
[Black "Gatterer, Florian"]
[WhiteFideId "367095"]
[BlackFideId "811688"]
[WhiteElo "1997"]
[BlackElo "2218"]
[Result "1/2-1/2"]
[Round "05"]
[TimeControl "180+1"]
[Date "2022.05.11"]
[WhiteClock "0:00:34"]
[BlackClock "0:01:39"]

1. d4 Nf6 2. Nf3 e6 3. c4 d5 4. Nc3 c5 5. cxd5 Nxd5 6. g3 Be7 7. Bg2 Nxc3 8. bxc3 cxd4 9. cxd4 O-O 10. O-O Nc6 11. Bf4 Bf6 12. e3 h6 13. Rb1 g5 14. Be5 Nxe5 15. Nxe5 Bxe5 16. dxe5 Qa5 17. Qd4 Rd8 18. Qb2 Rd2 19. Qb5 Qxb5 20. Rxb5 Rb8 21. a3 b6 22. Rc1 Ba6 23. Rb3 Rbd8 1/2-1/2


[Site "https://www.chess.com"]

[Event "Titled Tuesday Blitz May 10 Early 2022"]
[White "Hua, Lefong"]
[Black "Chernomordik, Pavel"]
[WhiteFideId "2602253"]
[BlackFideId "2804530"]
[WhiteElo "2607"]
[BlackElo "2220"]
[Result "1-0"]
[Round "05"]
[TimeControl "180+1"]
[Date "2022.05.11"]
[WhiteClock "0:00:14"]
[BlackClock "0:00:01"]

1. d4 g6 2. c4 Bg7 3. e4 Nc6 4. Ne2 e5 5. Be3 exd4 6. Nxd4 Qf6 7. Nxc6 dxc6 8. Nc3 Qe7 9. Qc2 Nf6 10. f3 O-O 11. Be2 Nh5 12. O-O f5 13. Bd3 Be6 14. Rfe1 Qf7 15. b3 Qf6 16. Rac1 Rad8 17. Bf1 Qh4 18. exf5 Bxf5 19. Qf2 Qf6 20. g4 Rde8 21. gxf5 Qxf5 22. Bg2 Be5 23. Ne4 Nf4 24. Ng3 Qf7 25. Bxf4 Qxf4 26. Kh1 h5 27. Rcd1 Bc3 28. Re4 Rxe4 29. Nxe4 Be5 30. Qg3 Qf5 31. Qg5 Bf4 32. Qxf5 gxf5 33. Nc5 Re8 34. Nxb7 Re2 35. Na5 Rxa2 36. Nxc6 Kf8 37. Nd4 Be5 38. Nxf5 Kf7 39. Ne3 Kg6 40. Nd5 c6 41. Nb4 1-0


[Site "https://www.chess.com"]

[Event "Titled Tuesday Blitz May 10 Early 2022"]
[White "Jeet, Jain"]
[Black "Avazkhonov, Alikhon"]
[WhiteFideId "5073022"]
[BlackFideId "14208504"]
[WhiteElo "2028"]
[BlackElo "1739"]
[Result "1-0"]
[Round "05"]
[TimeControl "180+1"]
[Date "2022.05.11"]
[WhiteClock "0:00:47"]
[BlackClock "0:00:04"]

1. Nf3 Nf6 2. e3 g6 3. b3 Bg7 4. Bb2 O-O 5. c4 d6 6. Be2 Nbd7 7. O-O e5 8. d4 Qe7 9. Nc3 b6 10. Nb5 e4 11. Nd2 c6 12. Nc3 d5 13. a4 Bb7 14. cxd5 cxd5 15. Ba3 Qe6 16. Bxf8 Rxf8 17. Nb5 a6 18. Nc7 Qd6 19. Rc1 Nb8 20. Rc3 Rc8 21. Qc2 Qd7 22. Rc1 Rd8 23. b4 h5 24. b5 a5 25. Na6 Ne8 26. Nxb8 Rxb8 27. f3 Bf8 28. fxe4 Bb4 29. Rc6 dxe4 30. Rxb6 Rc8 31. Qb2 Nd6 32. Nb3 Nf5 33. Nc5 Bxc5 34. dxc5 Bd5 35. Qd2 Rd8 36. Rd1 Qc7 37. Qc3 Qe7 38. c6 Qg5 39. c7 Rc8 40. Rxd5 Rxc7 41. Rb8+ 1-0


[Site "https://www.chess.com"]

[Event "Titled Tuesday Blitz May 10 Early 2022"]
[White "Jian, Alex"]
[Black "Tania, Sachdev"]
[WhiteFideId "30901022"]
[BlackFideId "5007844"]
[WhiteElo "2111"]
[BlackElo "2280"]
[Result "1-0"]
[Round "05"]
[TimeControl "180+1"]
[Date "2022.05.11"]
[WhiteClock "0:00:05"]
[BlackClock "0:00:01"]

1. d4 Nf6 2. c4 e6 3. Nc3 Bb4 4. Qc2 d5 5. cxd5 exd5 6. Bg5 O-O 7. e3 h6 8. Bh4 c5 9. dxc5 Na6 10. a3 Bxc3+ 11. Qxc3 Ne4 12. Bxd8 Nxc3 13. Be7 Re8 14. Bh4 Ne4 15. Bb5 Re6 16. b4 d4 17. Bc4 Re8 18. Bb5 Re6 19. Nf3 dxe3 20. fxe3 g5 21. Bf2 Nc7 22. Bc4 Re8 23. O-O Bg4 24. Nd4 Nd2 25. Rfc1 Nxc4 26. Rxc4 Nd5 27. Re1 Bd7 28. Rcc1 Re4 29. Nf3 Rae8 30. Nd2 R4e7 31. e4 Nf4 32. Rc3 Bb5 33. Rce3 Nd3 34. Rf1 Ne5 35. Rc1 Ng4 36. Ree1 Rd8 37. Nf3 Nf6 38. Nd4 Rxe4 39. Nxb5 Rxe1+ 40. Rxe1 Nd5 41. Nd6 Nf4 42. Rd1 h5 43. g3 Ne2+ 44. Kf1 Nc3 45. Rd3 Na4 46. Ke2 Rd7 47. Ne4 Re7 48. Kf3 g4+ 49. Kf4 Kg7 50. Rd4 b6 51. Rd5 bxc5 52. bxc5 Nb2 53. Bd4+ 1-0


[Site "https://www.chess.com"]

[Event "Titled Tuesday Blitz May 10 Early 2022"]
[White "Jodorcovsky Werjivker, Paulo"]
[Black "Nugumanov, Bakhtiyar"]
[WhiteFideId "3700305"]
[BlackFideId "13701797"]
[WhiteElo "2075"]
[BlackElo "2262"]
[Result "1-0"]
[Round "05"]
[TimeControl "180+1"]
[Date "2022.05.11"]
[WhiteClock "0:01:28"]
[BlackClock "0:00:33"]

1. e4 c6 2. d4 d5 3. exd5 cxd5 4. Bd3 Nf6 5. c3 Nc6 6. Bf4 Bg4 7. Qb3 Qd7 8. Nd2 e6 9. Ngf3 Bd6 10. Bxd6 Qxd6 11. O-O O-O 12. Rae1 Rab8 13. Ne5 Bf5 14. Bxf5 exf5 15. Qc2 Ne4 16. Nxe4 fxe4 17. f3 f5 18. fxe4 dxe4 19. Qb3+ Kh8 20. Nf7+ Rxf7 21. Qxf7 Rf8 22. Qxb7 Qg6 23. Rxe4 Rb8 24. Qc7 h6 25. Re2 1-0


[Site "https://www.chess.com"]

[Event "Titled Tuesday Blitz May 10 Early 2022"]
[White "Kaasen, Tor Fredrik"]
[Black "Tymrakiewicz, Rafal"]
[WhiteFideId "1516647"]
[BlackFideId "1108832"]
[WhiteElo "2335"]
[BlackElo "2205"]
[Result "1-0"]
[Round "05"]
[TimeControl "180+1"]
[Date "2022.05.11"]
[WhiteClock "0:01:07"]
[BlackClock "0:00:01"]

1. d4 Nf6 2. c4 g6 3. Nc3 Bg7 4. e4 O-O 5. Nf3 d6 6. Be2 e5 7. d5 Nh5 8. Be3 Nf4 9. Bf1 Bg4 10. g3 Nh3 11. Be2 f5 12. exf5 gxf5 13. Nh4 Bxe2 14. Qxe2 f4 15. Bd2 e4 16. Nxe4 Re8 17. O-O-O Nxf2 18. Qxf2 Rxe4 19. Nf5 Bxb2+ 20. Kxb2 Qf6+ 21. Bc3 Qxf5 22. gxf4 Nd7 23. Rhg1+ Kf8 24. Qg2 Qg6 25. Qh3 Re2+ 26. Ka1 1-0


[Site "https://www.chess.com"]

[Event "Titled Tuesday Blitz May 10 Early 2022"]
[White "Karacsonyi, Gellert"]
[Black "Cunjalo, Faris"]
[WhiteFideId "764620"]
[BlackFideId "14410710"]
[WhiteElo "2187"]
[BlackElo "2263"]
[Result "1-0"]
[Round "05"]
[TimeControl "180+1"]
[Date "2022.05.10"]
[WhiteClock "0:00:08"]
[BlackClock "0:00:02"]

1. e4 c6 2. d4 d5 3. exd5 cxd5 4. Bd3 Nc6 5. c3 Nf6 6. Bg5 Bg4 7. Ne2 e6 8. Qc2 h6 9. Bxf6 Qxf6 10. Ng3 g6 11. O-O Bd6 12. Nd2 O-O 13. Rae1 Rac8 14. Qb3 Qf4 15. Re3 Rc7 16. Rfe1 Qf6 17. h3 Bf5 18. Nxf5 gxf5 19. Nf3 Bf4 20. R3e2 Kh8 21. g3 Rg8 22. Kh2 Bd6 23. Ne5 Bxe5 24. dxe5 Qg5 25. Qa4 Ne7 26. Rg1 a6 27. f4 Qh5 28. Reg2 Qf3 29. Be2 Qe3 30. Bh5 Nc6 31. Re2 Qd3 32. Qd1 Qxd1 33. Rxd1 b5 34. Rg1 b4 35. Re3 Rb7 36. Rg2 a5 37. Bf3 bxc3 38. Rxc3 Nd4 39. Bd1 Rgb8 40. Rd3 Nc6 41. Rc3 Ne7 42. b3 Rb4 43. Rc7 R8b7 44. Rgc2 Kg7 45. Kg2 d4 46. Bf3 Rxc7 47. Rxc7 Ng6 48. Kf2 a4 49. Bd1 axb3 50. Bxb3 h5 51. Bxe6 Rb2+ 52. Kf3 d3 53. Rxf7+ Kh6 54. Rd7 d2 55. Bxf5 h4 56. Rd6 Rxa2 57. Rxg6+ Kh7 58. Rd6+ 1-0


[Site "https://www.chess.com"]

[Event "Titled Tuesday Blitz May 10 Early 2022"]
[White "Kashefi, Amir Hosein"]
[Black "Aggelis, Nikolaos"]
[WhiteFideId "12557935"]
[BlackFideId "4213220"]
[WhiteElo "2005"]
[BlackElo "2154"]
[Result "0-1"]
[Round "05"]
[TimeControl "180+1"]
[Date "2022.05.11"]
[WhiteClock "0:00:02"]
[BlackClock "0:00:26"]

1. d4 d5 2. c4 dxc4 3. Nc3 a6 4. a4 c5 5. d5 e6 6. e4 exd5 7. Nxd5 Nf6 8. Bxc4 Nxd5 9. Bxd5 Be7 10. Nf3 O-O 11. O-O Nc6 12. Bxc6 bxc6 13. Qc2 Rb8 14. Be3 Qb6 15. Rab1 Be6 16. Rfc1 Ba2 17. Ra1 Bb3 18. Qe2 Qa5 19. Ne5 Qc7 20. Nc4 Rfe8 21. f3 Bf6 22. Bxc5 Bxc4 23. Rxc4 Rxb2 24. Qf1 Rd8 25. Rd1 Rxd1 26. Qxd1 Qb8 27. Rc2 Rb1 28. Rc1 Rxc1 29. Qxc1 h5 30. Bf2 Qb3 31. a5 Qb5 32. Bb6 Bb2 33. Qc2 Be5 34. g3 Bd6 35. f4 Bb4 36. e5 c5 37. Qf5 Qc6 38. Qxh5 c4 39. Qd1 c3 40. Qd8+ Bf8 0-1


[Site "https://www.chess.com"]

[Event "Titled Tuesday Blitz May 10 Early 2022"]
[White "Keller, Peter"]
[Black "Ambartsumova, Karina"]
[WhiteFideId "1272105"]
[BlackFideId "4166299"]
[WhiteElo "2275"]
[BlackElo "2262"]
[Result "1-0"]
[Round "05"]
[TimeControl "180+1"]
[Date "2022.05.11"]
[WhiteClock "0:00:05"]
[BlackClock "0:00:01"]

1. e4 e5 2. Nf3 Nc6 3. Bc4 Bc5 4. d3 Nf6 5. O-O O-O 6. Bg5 Be7 7. c3 d6 8. a4 Be6 9. Bxe6 fxe6 10. Nbd2 Qe8 11. Bh4 Nh5 12. Bg3 Qd7 13. Re1 Nf4 14. d4 exd4 15. cxd4 e5 16. dxe5 dxe5 17. Nc4 Qe6 18. Ne3 Rad8 19. Qc2 Bd6 20. Red1 Nb4 21. Qc4 Qxc4 22. Nxc4 Ne2+ 23. Kf1 Nxg3+ 24. hxg3 Nc6 25. Ke2 h6 26. Rd2 Kf7 27. Rad1 Ke6 28. Ne3 Bb4 29. Rxd8 Rxd8 30. Rxd8 Nxd8 31. Kd3 Bc5 32. Nd2 Bxe3 33. Kxe3 Nc6 34. Nb3 b6 35. f4 Ne7 36. Nd2 Nc6 37. Nf3 a5 38. Kd3 Nb4+ 39. Kc4 exf4 40. gxf4 Kd6 41. e5+ Ke6 42. Nd4+ Ke7 43. f5 c5 44. Nf3 Nc6 45. Kb5 Kd7 46. Kxb6 Nd4 47. Kxc5 Nxf5 48. Kb5 Ke6 49. Kxa5 Ne3 50. g3 Nc4+ 51. Kb5 Nxb2 52. a5 Nd3 53. a6 1-0


[Site "https://www.chess.com"]